 Dungeon Crawl Stone Soup version 0.21-a0-258-g4c0eb85 (webtiles) character file.

172 tidbits the Skirmisher (level 5, 14/45 HPs)
             Began as a Demigod Wanderer on Sept 6, 2017.
             Quit the game on level 4 of the Dungeon.
             The game lasted 00:10:47 (1055 turns).

tidbits the Skirmisher (Demigod Wanderer)           Turns: 1055, Time: 00:10:48

Health: 14/45      AC:  2    Str: 12 (15) XL:     5   Next: 5%
Magic:  3/10       EV: 12    Int: 17 (18) God:
Gold:   102        SH:  0    Dex: 12 (15) Spells: 3/8 levels left

rFire    . . .     SeeInvis .   t - -3 spear (curse)
rCold    . . .     Gourm    .   (no shield)
rNeg     . . .     Faith    .   B - +0 robe
rPois    .         Spirit   .   (no helmet)
rElec    .         Reflect  .   (no cloak)
rCorr    .         Harm     .   (no gloves)
MR       .....                  (no boots)
Stlth    ++........             (no amulet)
HPRegen  0.15/turn              (no ring)
MPRegen  0.12/turn              (no ring)

@: infused (expiring)
A: high mp 1
a: no special abilities


You were on level 4 of the Dungeon.
You were not hungry.

You visited 1 branch of the dungeon, and saw 4 of its levels.

You collected 102 gold pieces.

Inventory:

Hand Weapons
 a - a +1 dagger
 j - a +0 club
 k - a cursed -3 hunting sling
 t - a cursed -3 spear (weapon)
Missiles
 d - 27 stones (quivered)
 o - 27 arrows
 s - 7 javelins
Armour
 B - a +0 robe (worn)
Books
 c - Sif Muna's Volume of Augmentations

   Spells                             Type                      Level
   a - Infusion                       Charms                       1
   b - Regeneration                   Charms/Necromancy            3
 e - a book of Spatial Translocations

   Spells                             Type                      Level
   a - Blink                          Translocation                2
   b - Shroud of Golubria             Charms/Translocation         2
   c - Lesser Beckoning               Translocation                3
   d - Gell's Gravitas                Translocation                3
   e - Teleport Other                 Translocation                3
   f - Passage of Golubria            Translocation                4
Comestibles
 f - a bread ration
 g - a royal jelly
 q - a fruit
 r - 5 chunks of flesh


   Skills:
 + Level 3.3 Fighting
 + Level 2.3 Dodging
 - Level 1.0 Stealth
   Level 1.0 Shields
 - Level 2.0 Spellcasting
 - Level 2.0 Charms
 - Level 1.7 Translocations
   Level 1.0 Fire Magic
   Level 1.0 Evocations


You had 3 spell levels left.
You knew the following spells:

 Your Spells              Type           Power        Failure   Level  Hunger
b - Blink                 Tloc           N/A          14%         2    ###....
g - Shroud of Golubria    Chrm/Tloc      #.........   13%         2    ###....
i - Infusion              Chrm           #...         9%          1    #......


Dungeon Overview and Level Annotations

Branches:
Dungeon (4/15)
 Temple: D:4-7


Innate Abilities, Weirdness & Mutations

You have an increased reservoir of magic. (+10% MP)


Message History

The orc shouts!
The orc barely misses you.
You hit the orc but do no damage.
The orc is heavily wounded.
The orc barely misses you.
You hit the orc!
You kill the orc!
You hit the ball python.
You kill the ball python!
You hit the orc wizard.
The orc wizard is moderately wounded.
You closely miss the orc wizard.
The orc wizard is moderately wounded.
The orc wizard hits you with a dagger. The orc hits you with a club.
You closely miss the orc wizard.
The orc wizard is moderately wounded.
The orc wizard barely misses you. The orc misses you.
You barely miss the orc wizard.
The orc wizard is moderately wounded.
The orc wizard hits you with a dagger.
* * * LOW HITPOINT WARNING * * *
The orc hits you but does no damage.
You barely miss the orc wizard.
The orc wizard is moderately wounded.
Your magical infusion is running out.
The orc wizard hits you but does no damage.
You closely miss the orc wizard.
The orc wizard is moderately wounded.
The orc wizard misses you.
You hit the orc wizard.
The orc wizard is heavily wounded.
The orc hits you with a club.
* * * LOW HITPOINT WARNING * * *
The orc wizard barely misses you.
You closely miss the orc wizard.
The orc wizard is heavily wounded.
The orc barely misses you.
The orc wizard mumbles some strange words.
The orc wizard seems to speed up.
You closely miss the orc wizard.
The orc wizard is heavily wounded.
The orc wizard hits you with a dagger.
* * * LOW HITPOINT WARNING * * *
The orc barely misses you. The orc wizard misses you.
You feel better. The orc wizard closely misses you.
The orc hits you with a club.
* * * LOW HITPOINT WARNING * * *
You miss the orc wizard.
The orc wizard is heavily wounded.
You are no longer magically infusing your attacks.
The orc wizard closely misses you. The orc hits you with a club.
* * * LOW HITPOINT WARNING * * *
The orc wizard completely misses you.
It was a potion of heal wounds.
You feel much better. The orc wizard hits you with a dagger.
The orc misses you.
You hit the orc wizard.
The orc wizard is severely wounded.
The orc wizard misses you.
The orc wizard hits you but does no damage.
The orc barely misses you.
Casting: Infusion
Confirm with . or Enter, or press ? or * to list all spells.
You begin infusing your attacks with magical energy.
The orc wizard casts a spell at you. The puff of flame misses you.
The orc hits you with a club.
You hit the orc wizard.
The orc wizard is almost dead.
The orc wizard barely misses you. The orc wizard hits you with a dagger.
The orc barely misses you.
You hit the orc wizard.
The orc wizard is almost dead.
The orc wizard closely misses you. The orc wizard casts a spell at you.
The puff of flame hits you! The orc closely misses you.
You closely miss the orc wizard.
The orc wizard is almost dead.
The orc wizard barely misses you. The orc hits you with a club.
* * * LOW HITPOINT WARNING * * *
You hit the orc wizard.
You kill the orc wizard!
You have reached level 5!
The orc misses you. The orc hits you with a short sword.
* * * LOW HITPOINT WARNING * * *
You barely miss the orc. The orc hits you with a club.
* * * LOW HITPOINT WARNING * * *
The orc misses you.
You closely miss the orc. The orc barely misses you.
The orc closely misses you.
You feel better.
Your magical infusion is running out.
The orc closely misses you. The orc hits you with a club.
* * * LOW HITPOINT WARNING * * *
It was a potion of degeneration.
There was something very wrong with that liquid.
You feel weakened.
You feel dopey.
You feel clumsy. The orc hits you with a short sword.
* * * LOW HITPOINT WARNING * * *
The orc hits you with a club.
* * * LOW HITPOINT WARNING * * *
Are you sure you want to abandon this character and quit the game? (Confirm with "yes".)

##..........#.#.
#.......o.......
#.......oo...#
#...........#
#......o...######
##..............#
####o###.#####.
#o###...#
#o@####.# #####
#.# ##_## #.#
8...8 #.#
#.....##.# .#
8.....8#.## .#
##.....##..##.#
#8...8###.##.#
#.....#


You could see 3 orcs.

Vanquished Creatures
  An ogre (D:3)
  An orc wizard (D:4)
  A dart slug (D:2)
  3 leopard geckos
  An orc (D:4)
  6 giant cockroaches
  3 goblins (D:1)
  6 hobgoblins
  6 jackals
  2 quokkas
  A ball python (D:4)
  7 bats
  3 frilled lizards (D:1)
  A jackal zombie (D:4)
  2 kobolds (D:1)
  2 rats
46 creatures vanquished.

Notes
Turn   | Place    | Note
-------+----------+-------------------------------------------
     0 | D:1      | tidbits the Demigod Wanderer began the quest for the Orb.
     0 | D:1      | tidbits set off with: a book of Spatial Translocations, a potion of curing, Sif Muna's Volume of Augmentations, a +0 robe, a +0 club, a bread ration
     0 | D:1      | Reached XP level 1. HP: 17/17 MP: 5/5
     0 | D:1      | Identified Sif Muna's Volume of Augmentations
     2 | D:1      | Learned a level 1 spell: Infusion
    44 | D:1      | Reached skill level 2 in Fighting
   158 | D:1      | Reached skill level 2 in Spellcasting
   204 | D:1      | Reached XP level 2. HP: 16/24 MP: 2/7
   209 | D:1      | Learned a level 2 spell: Blink
   212 | D:1      | Learned a level 2 spell: Shroud of Golubria
   261 | D:1      | Reached skill level 1 in Charms
   410 | D:2      | Found a sacrificial altar of Ru.
   606 | D:2      | Reached skill level 2 in Charms
   665 | D:2      | Reached XP level 3. HP: 25/29 MP: 3/8
   857 | D:3      | Noticed an ogre
   865 | D:3      | Killed an ogre
   865 | D:3      | Reached skill level 3 in Fighting
   865 | D:3      | Reached skill level 2 in Dodging
   865 | D:3      | Reached XP level 4. HP: 17/38 MP: 9/9
  1022 | D:4      | Found a deep blue altar of Sif Muna.
  1050 | D:4      | Reached XP level 5. HP: 20/45 MP: 2/10
  1055 | D:4      | Quit the game

Vault maps used:
D:1:      tarquinn_simple_flora_water_c
D:2:      elyvilon_altar_1, nicolae_ru_awakened_eye
D:3:      first_bread, minmay_distorted
D:4:      lemuel_round_altar, nicolae_overflow_hidden_temple, bloody_makhleb,
          serial_glass, glass_columns_c, glass_columns_b, glass_columns_a,
          glass_columns_c

Skill      XL: |  1  2  3 |
---------------+----------+-----
Fighting       | 2 3 |  3.3
Spellcasting   | 2 |  2.0
Charms         | 2 |  2.0
Dodging        | 2 |  2.3
Stealth        | |  1.0
Shields        | |  1.0
Translocations | |  1.7
Fire Magic     | |  1.0
Evocations     | |  1.0

Action                   |  1- 3 |  4- 6 || total
-------------------------+-------+-------++-------
Melee: Club              |    30 |       ||    30
       Dagger            |    61 |       ||    61
       Spear             |    19 |    45 ||    64
 Cast: Infusion          |    24 |     4 ||    28
       Shroud of Golubri |     1 |       ||     1
  Use: Scroll            |     5 |     1 ||     6
       Potion            |     2 |     4 ||     6
 Stab: Sleeping          |     2 |     1 ||     3
  Eat: Chunk             |     1 |       ||     1
Armor: Robe              |    23 |     5 ||    28
Dodge: Dodged            |    72 |    47 ||   119

Table legend:
 A = Spawn XP
 B = Non-spawn XP
 C = Spawn XP percentage of total XP
 D = Spawn monster count
 E = Non-spawn monster count
 F = Spawn count percentage of total count
 G = Total turns spent on level
                    A         B        C        D         E        F      G
               +---------+---------+-------+---------+---------+-------+---------
         Total |       0 |     246 |   0.0 |       0 |      46 |   0.0 |  1055
               +---------+---------+-------+---------+---------+-------+---------
           D:1 |       0 |      45 |   0.0 |       0 |      25 |   0.0 |   540
           D:2 |       0 |      25 |   0.0 |       0 |      12 |   0.0 |   317
           D:3 |       0 |     126 |   0.0 |       0 |       4 |   0.0 |   104
           D:4 |       0 |      50 |   0.0 |       0 |       5 |   0.0 |    94
               +---------+---------+-------+---------+---------+-------+---------

Table legend:
 A = Turns spent in this place as a percentage of turns spent in the entire game.
 B = Non-inter-level travel turns spent in this place as a percentage of non-inter-level travel turns spent in the entire game.
 C = Inter-level travel turns spent in this place as a percentage of turns spent in this place.
 D = Turns resting spent in this place as a percentage of non-inter-level travel turns spent in this place.
 E = Turns spent auto-exploring this place as a percentage of non-inter-level travel turns spent in this place.
 F = Non-inter-level travel turns spent in this place divided by the number of levels of this place that you've seen.
                   A       B       C       D       E      F
               +-------+-------+-------+-------+-------+----------------------
         Total | 100.0 | 100.0 |   4.9 |   0.0 |   0.0 | 250.8
       Dungeon | 100.0 | 100.0 |   4.9 |   0.0 |   0.0 | 250.8
               +-------+-------+-------+-------+-------+----------------------

Table legend:
 A = Kills in this place as a percentage of kills in entire the game.
 B = Kills by you in this place as a percentage of kills by you in the entire game.
 C = Kills by friends in this place as a percentage of kills by friends in the entire game.
 D = Other kills in this place as a percentage of other kills in the entire game.
 E = Experience gained in this place as a percentage of experience gained in the entire game.
 F = Experience gained in this place divided by the number of levels of this place that you have seen.
                   A       B       C       D       E      F
               +-------+-------+-------+-------+-------+----------------------
         Total | 100.0 | 100.0 |   N/A |   N/A | 100.0 |  61.5
       Dungeon | 100.0 | 100.0 |   N/A |   N/A | 100.0 |  61.5
               +-------+-------+-------+-------+-------+----------------------

Vault maps used:
D:1:      tarquinn_simple_flora_water_c
D:2:      elyvilon_altar_1, nicolae_ru_awakened_eye
D:3:      first_bread, minmay_distorted
D:4:      lemuel_round_altar, nicolae_overflow_hidden_temple, bloody_makhleb,
          serial_glass, glass_columns_c, glass_columns_b, glass_columns_a,
          glass_columns_c
